 Dungeon Crawl Stone Soup version 0.29.1-12-g30fa7ad0bf (webtiles) character file.

Game seed: 7281106914449451034

163 styxcanada the Covert (level 5, -2/26 HPs)
             Began as a Spriggan Brigand on Jan 9, 2023.
             Was an Initiate of Gozag.
             Splashed by a jelly's acid (10 damage)
             ... on level 4 of the Dungeon.
             The game lasted 00:11:02 (3803 turns).

styxcanada the Covert (Spriggan Brigand)            Turns: 3803, Time: 00:11:02

Health: -2/26      AC:  0    Str:  7    XL:     5   Next: 20%
Magic:  6/6        EV: 18    Int: 12    God:    Gozag
Gold:   243        SH:  0    Dex: 19    Spells: 4/4 levels left

rFire   . . .      SeeInvis +   a - +2 dagger
rCold   . . .      Faith    .   (no shield)
rNeg    . . .      Spirit   .   b - +0 robe
rPois   .          Reflect  .   (helmet restricted)
rElec   .          Harm     .   c - +1 cloak
rCorr   .          Rampage  .   (gloves unavailable)
Will    .....                   (boots unavailable)
Stlth   ++++......              (no amulet)
HPRegen 0.08/turn               (no ring)
MPRegen 0.10/turn               (no ring)

@: corroded, very quick
A: very small, no large weapons, unfitting armour, see invisible, speed 3
a: Renounce Religion, Potion Petition, Call Merchant, Bribe Branch


You were on level 4 of the Dungeon.
You worshipped Gozag.
Gozag was aware of your devotion.
You visited 1 branch of the dungeon, and saw 4 of its levels.

You collected 281 gold pieces.
You paid 38 gold pieces to Gozag.

Inventory:

Hand Weapons
 a - a +2 dagger (weapon)
Missiles
 d - 13 poisoned darts (quivered)
 e - 3 curare-tipped darts
 o - 4 boomerangs
Armour
 b - a +0 robe (worn)
 c - a +1 cloak (worn)
Scrolls
 g - a scroll of amnesia {unknown}
Potions
 f - 2 potions of ambrosia
 h - 4 potions of curing
 j - a potion of brilliance
 k - a potion of heal wounds {unknown}
 m - 3 potions of haste {unknown}
 n - a potion of might {unknown}
 p - a potion of cancellation {unknown}


   Skills:
 * Level 2.1 Fighting
 + Level 3.0 Short Blades
 + Level 2.4 Throwing
 * Level 2.8 Dodging
 * Level 8.2 Stealth


You had 4 spell levels left.
You didn't know any spells.
Your spell library contained the following spells:

 Spells                   Type           Power      Damage    Failure   Level
 Summon Guardian Golem    Hex/Summ       0%         N/A       69%         3
 Orb of Destruction       Conj           0%         9d5       100%        7
 Spellforged Servitor     Conj/Summ      0%         N/A       100%        7


Dungeon Overview and Level Annotations

Branches:
Dungeon (4/15)
 Temple: D:4-7

Altars:
Dithmenos
Fedhas
Gozag
Wu Jian

Shops:
D:3 (

Annotations:
D:3 2 transporters, hawla's ghost, amateur MeFE


Innate Abilities, Weirdness & Mutations

You are very small and have problems with some larger weapons.
You are too small for most types of armour.
You have supernaturally acute eyesight. (SInv)
You cover ground extremely quickly. (Speed+++)


Message History

You see here 7 gold pieces.
You now have 222 gold pieces (gained 7).
Found a scroll labelled ZAINIXO TAORR.
You see here a scroll labelled ZAINIXO TAORR.
g - a scroll labelled ZAINIXO TAORR You hear a slurping noise.
Found a stone staircase leading down.
The helpless endoplasm fails to defend itself.
You perforate the endoplasm like a sieve!!!
You kill the endoplasm!
You now have 228 gold pieces (gained 6).
You now have 235 gold pieces (gained 7).
You see here 8 gold pieces.
You now have 243 gold pieces (gained 8).
Unknown command.
A jelly is nearby!
You start resting.
A jelly is nearby!
You see here a +0 cloak.
You start resting.
A jelly is nearby!
You start resting.
A jelly is nearby!
You aren't carrying any items that you can evoke.
You hit the jelly.
Your hands burn!
The jelly is lightly wounded.
The jelly closely misses you.
You hit the jelly but do no damage.
Your hands burn!
The jelly is lightly wounded.
The jelly barely misses you.
You barely miss the jelly.
The jelly is lightly wounded.
You hit the jelly. The acid corrodes you!
Your hands burn!
The jelly is moderately wounded.
The jelly hits you.
You are splashed with acid.
You barely miss the jelly.
The jelly is moderately wounded.
The jelly hits you.
You are splashed with acid!
You die...
Your body crumbles into a pile of gold.

≈###.##.....#
#.#
#...##.....#
#J#
##..##.....#
#.#
#..##J....#
#.#
#..##.....#
#.#
#.........#
#.#
#..##.....#
#.#
#..##.....#
#####[#
#####.#####
#.@J..# #.#
#.##### #.#
#.# #.# #.#
.# #.# #.#
#.# #.# #.#


You could see a jelly.

Vanquished Creatures
  2 iguanas
  4 adders
  2 worms (D:2)
  2 dart slugs
  An orc (D:4)
  10 endoplasms
  2 giant cockroaches
  3 hobgoblins
  3 jackals (D:1)
  4 quokkas
  2 ball pythons
  10 bats
  4 frilled lizards
  4 goblins
  3 kobolds
  9 rats
65 creatures vanquished.

Notes
Turn   | Place    | Note
-------+----------+-------------------------------------------
     0 | D:1      | styxcanada the Spriggan Brigand began the quest for the
                  | Orb.
     0 | D:1      | Reached XP level 1. HP: 10/10 MP: 2/2
    20 | D:1      | Reached skill level 6 in Stealth
   320 | D:1      | Reached XP level 2. HP: 14/14 MP: 3/3
   904 | D:1      | Reached XP level 3. HP: 18/18 MP: 4/4
  1155 | D:2      | Reached skill level 7 in Stealth
  1635 | D:2      | Found a shadowy altar of Dithmenos.
  2326 | D:3      | Reached XP level 4. HP: 23/23 MP: 5/5
  2334 | D:3      | Found Noipneg's Antique Weapon Shop.
  2353 | D:3      | Found an opulent altar of Gozag.
  2353 | D:3      | Found a blossoming altar of Fedhas.
  2358 | D:3      | Became a worshipper of Gozag Ym Sagoz the Greedy
  2417 | D:3      | Found a faded altar of an unknown god.
  2712 | D:3      | Found a transporter.
  2752 | D:3      | Identified the +11 dire flail of Discomfort {freeze, rC+
                  | MP+9 Int+4}
  2752 | D:3      | Noticed an ogre
  2938 | D:3      | Found an ornate altar of the Wu Jian Council.
  2943 | D:3      | Noticed a spectral centipede
  2943 | D:3      | Noticed a spectral black mamba
  2943 | D:3      | Noticed a spectral cane toad
  2989 | D:3      | Found a transporter.
  2989 | D:3      | Noticed hawla's ghost (amateur MeFE)
  2990 | D:3      | Noticed an ogre
  3219 | D:4      | Reached skill level 8 in Stealth
  3267 | D:4      | Reached XP level 5. HP: 5/26 MP: 6/6
  3803 | D:4      | Splashed by a jelly's acid

Illustrated notes

Levels and vault maps discovered:
D:1:      nzn_arrival_crosshair, layout_loops_ring
D:2:      layout_basic, basic_altar
D:3:      layout_rooms, pdpol_wu_jian_five_deadly_venoms,
          nicolae_overflow_two_pavilions, serial_shops, nicolae_shop_crystal,
          ebering_ecumenical_altar_sacrificial, gammafunk_ghost_smash
D:4:      minmay_bubble_buster, layout_basic, gammafunk_ghost_necromancy,
          dreamdust_princess_bridge, goddamned_bats

Skill      XL: |  1  2  3  4 |
---------------+-------------+-----
Stealth        | 6 7 8 |  8.2
Dodging        | 2 |  2.8
Fighting       | 2 |  2.1
Short Blades   | 3 |  3.0
Throwing       | |  2.4

Action                   |  1- 3 |  4- 6 || total
-------------------------+-------+-------++-------
Melee: Dagger            |    93 |    93 ||   186
       Punch             |       |     1 ||     1
Throw: Dart              |    24 |    14 ||    38
  Use: Scroll            |     5 |     3 ||     8
 Stab: Sleeping          |    20 |     7 ||    27
       Distracted        |       |     1 ||     1
Armor: Robe              |    11 |    11 ||    22
Dodge: Dodged            |    46 |    53 ||    99
